 Dungeon Crawl Stone Soup version 0.20-a0-309-gcba9277 (webtiles) character file.

191 HAL9000 the Slasher (level 5, -14/45 HPs)
             Began as a Minotaur Fighter on Dec 18, 2016.
             Was an Initiate of Okawaru.
             Demolished by an ogre
             ... wielding a +0 giant spiked club
              (17 damage)
             ... on level 4 of the Dungeon.
             The game lasted 00:04:10 (2270 turns).

HAL9000 the Slasher (Minotaur Fighter)              Turns: 2270, Time: 00:04:10

Health: -14/45     AC:  6    Str: 20    XL:     5   Next: 42%
Magic:  4/4        EV:  7    Int:  9    God:    Okawaru [......]
Gold:   134        SH:  9    Dex: 11    Spells: 4/4 levels left

rFire  . . .     SeeInvis .     a - +0 long sword
rCold  . . .     Gourm    .     b - +0 scale mail
rNeg   . . .     Faith    .     c - +0 shield
rPois  +         Spirit   .     (helmet restricted)
rElec  .         Reflect  .     (no cloak)
rCorr  .         Harm     .     (no gloves)
MR     .....                    (no boots)
Stlth  ..........               (no amulet)
                                x - +4 ring of intelligence
                                C - ring of poison resistance

@: no status effects
A: retaliatory headbutt, horns 2
a: Renounce Religion


You were on level 4 of the Dungeon.
You worshipped Okawaru.
Okawaru was noncommittal.
You were not hungry.

You visited 2 branches of the dungeon, and saw 5 of its levels.

You collected 134 gold pieces.

Inventory:

Hand Weapons
 a - a +0 long sword (weapon)
Armour
 b - a +0 scale mail (worn)
 c - a +0 shield (worn)
Jewellery
 x - a +4 ring of intelligence (right hand)
 C - a ring of poison resistance (left hand)
Wands
 y - a wand of lightning (11/15)
 A - a wand of slowing (23/48)
Scrolls
 j - a scroll of magic mapping {unknown}
 l - a scroll of amnesia {unknown}
 o - 2 scrolls of enchant armour {unknown}
 p - 4 scrolls of remove curse {unknown}
 r - 2 scrolls of identify {unknown}
 u - a scroll of teleportation {unknown}
 v - 2 scrolls of noise {unknown}
 w - a scroll of blinking {unknown}
 B - a scroll of enchant weapon {unknown}
Potions
 d - 3 potions of might
 h - 2 potions of agility {unknown}
 k - a potion of curing {unknown}
 m - 4 potions of heal wounds {unknown}
 n - 2 potions of magic {unknown}
 q - a potion of mutation {unknown}
 s - a potion of lignification {unknown}
 t - a potion of ambrosia {unknown}
Comestibles
 f - 3 bread rations
 g - 2 meat rations
 i - a beef jerky
 z - a royal jelly


   Skills:
 - Level 3.6 Fighting
 + Level 6.9 Long Blades
 - Level 3.6 Armour
 - Level 3.6 Shields


You had 4 spell levels left.
You didn't know any spells.

Dungeon Overview and Level Annotations

Branches:
Dungeon (4/15)             Temple (1/1) D:4

Altars:
Ashenzari
Dithmenos
Elyvilon
Fedhas
Gozag
Hepliaklqana
Kikubaaqudgha
Makhleb
Nemelex Xobeh
Okawaru
Qazlal
Ru
Sif Muna
Trog
Uskayaw
Vehumet
Xom
Yredelemnul
Zin
The Shining One


Innate Abilities, Weirdness & Mutations

You reflexively headbutt those who attack you in melee.
You have a pair of horns on your head.


Message History

You hit the ogre.
The ogre is lightly wounded.
The ogre hits you with a giant spiked club.
Your shield and scale mail prevent you from hitting the ogre.
The ogre is lightly wounded.
Your shield and scale mail prevent you from hitting the ogre.
The ogre is lightly wounded.
The ogre hits you with a giant spiked club!
You hit the ogre. Your headbutt misses the ogre.
The ogre is moderately wounded.
The ogre hits you with a giant spiked club!!
* * * LOW HITPOINT WARNING * * *
Okay, then.
You hit the ogre.
The ogre is moderately wounded.
You block the ogre's attack.
You hit the ogre.
The ogre is heavily wounded.
The ogre hits you with a giant spiked club!
You die...

................#
###..#...........[##
#.#+................
..##.#...##########
_..#8.............# ##
######.....(.......#
#.._#_..#8....(........#
#..#..##..............#
+#.#.#@O..............#
#####....)...........#
#8.................#
#####..............#
#..............
#.............
#............
#>.......... #..........


You could see an ogre.

Vanquished Creatures
  A scorpion (D:3)
  An iguana (D:4)
  7 adders
  A dart slug (D:1)
  A leopard gecko (D:3)
  An orc (D:4)
  A giant cockroach (D:2)
  6 goblins
  6 hobgoblins
  5 jackals (D:2)
  A quokka (D:2)
  A ball python (D:3)
  5 bats
  2 frilled lizards
  3 kobolds
  11 rats
53 creatures vanquished.

Notes
Turn   | Place    | Note
-------+----------+-------------------------------------------
     0 | D:1      | HAL9000 the Minotaur Fighter began the quest for the Orb.
     0 | D:1      | Reached XP level 1. HP: 19/19 MP: 0/0
   103 | D:1      | Reached skill level 3 in Long Blades
   180 | D:1      | Reached XP level 2. HP: 22/26 MP: 1/1
   529 | D:1      | Reached skill level 4 in Long Blades
   726 | D:2      | Reached XP level 3. HP: 28/31 MP: 2/2
   844 | D:2      | Found a faded altar of an unknown god.
   891 | D:2      | Reached skill level 5 in Long Blades
  1026 | D:3      | Reached XP level 4. HP: 35/39 MP: 3/3
  1293 | D:3      | Found a burning altar of Makhleb.
  1373 | D:3      | Reached skill level 6 in Long Blades
  1373 | D:3      | Reached XP level 5. HP: 42/45 MP: 4/4
  1677 | D:3      | Found a stormy altar of Qazlal.
  1680 | D:3      | Found a sacrificial altar of Ru.
  1683 | D:3      | Found a sparkling altar of Nemelex Xobeh.
  1878 | D:4      | Found a staircase to the Ecumenical Temple.
  2036 | Temple   | Entered the Ecumenical Temple
  2247 | D:4      | Found an iron altar of Okawaru.
  2247 | D:4      | Found a blossoming altar of Fedhas.
  2248 | D:4      | Found a bloodstained altar of Trog.
  2254 | D:4      | Noticed an ogre
  2262 | D:4      | Became a worshipper of Warmaster Okawaru
  2270 | D:4      | Demolished by an ogre

Vault maps used:
D:1:      roderic_crop_circles_arrival_small
D:2:      chequers_ecumenical_altar_simple, first_bread
D:3:      grunt_temple_overflow_diamond, nicolae_overflow_crystal_walls
D:4:      nicolae_overflow_quartered_altars, uniq_grinder
Temple:   nicolae_temple_figure_eight

Skill      XL: |  1  2  3  4 |
---------------+-------------+-----
Long Blades    | 3 4 5 6 |  6.9
Fighting       | |  3.6
Armour         | |  3.6
Shields        | |  3.6

Action                   |  1- 3 |  4- 6 || total
-------------------------+-------+-------++-------
Melee: Long sword        |    84 |    58 ||   142
       Headbutt          |    14 |    10 ||    24
  Eat: Chunk             |       |     4 ||     4
Armor: Scale mail        |    33 |     9 ||    42
Dodge: Dodged            |    19 |     9 ||    28
Block: Shield            |    44 |    28 ||    72
       Rpst.: Long sword |     6 |     3 ||     9
